 Dungeon Crawl Stone Soup version 0.16.0-6-gad6103a (console) character file.

333 gw the Skirmisher (level 6, -6/48 HPs)
             Began as a Demonspawn Fighter on Mar 15, 2015.
             Killed by divine providence
             ... invoked by an orc priest
              (16 damage)
             ... on level 4 of the Dungeon.
             The game lasted 00:04:51 (4430 turns).

gw the Skirmisher (Demonspawn Fighter)              Turns: 4430, Time: 00:04:51

Health: -6/48      AC:  9    Str: 16    XL:     6   Next: 27%
Magic:  0/6        EV:  4    Int:  9    God:
Gold:   220        SH:  9    Dex: 15    Spells: 0 memorised, 5 levels left

rFire  . . .     SeeInvis .     a - +0 flail
rCold  . . .     Clarity  .     l - +0 chain mail
rNeg   . . .     SustAb   .     c - +0 shield
rPois  .         Gourm    .     (no helmet)
rElec  .         Spirit   +     (no cloak)
rCorr  .         Warding  .     (no gloves)
rMut   .         Stasis   .     (no boots)
MR     .....                    (no amulet)
Stlth  ..........               (no ring)
                                (no ring)

@: not resistant to hostile enchantments, extremely unstealthy
A: hooves 1, magic shield, magic regeneration
a: no special abilities


You were on level 4 of the Dungeon.
You were not hungry.

You visited 1 branch of the dungeon, and saw 4 of its levels.

You collected 220 gold pieces.

Inventory:

Hand weapons
 a - a +0 flail (weapon)
Missiles
 j - 3 silver tomahawks (quivered)
 k - 34 stones
Armour
 c - a +0 shield (worn)
 l - a +0 chain mail (worn)
Scrolls
 i - 4 scrolls of identify
Potions
 f - a potion of curing
Comestibles
 d - 2 bread rations
 g - 2 meat rations
 n - a beef jerky


   Skills:
 + Level 4.0 Fighting
 * Level 3.7 Maces & Flails
 + Level 2.1 Throwing
 + Level 3.6 Armour
 + Level 3.3 Shields


You had 5 spell levels left.
You didn't know any spells.

Dungeon Overview and Level Annotations

Branches:
Dungeon (4/15)
 Temple: D:4-7

Altars:


Innate Abilities, Weirdness & Mutations

You have large cloven feet.
When hurt, damage is shared between your health and your magic reserves.
You regenerate magic rapidly.


Message History

The adder barely misses you.
The orc priest hits you but does no damage.
Unknown command.
Unknown command.
Unknown command.
Unknown command.
ATTACK MOVE TO (1,0)
Your shield and chain mail prevent you from hitting the adder.
You kick the adder, but do no damage. The adder barely misses you.
The orc priest hits you but does no damage.
The adder bites you but does no damage.
Unknown command.
Unknown command.
Unknown command.
Unknown command.
ATTACK MOVE TO (1,0)
You closely miss the adder. You block the adder's attack.
The orc priest calls down the wrath of Beogh upon you.
Something smites you!
You die...

. ... ..#.
.....
###oo.....
#6Soo.#
#..##.##
...##
.....
#......
....>.
..... .$..
.


You could see 2 orc priests, an adder and 2 orcs.

Table legend:
 A = Turns spent in this place as a percentage of turns spent in the entire game.
 B = Non-inter-level travel turns spent in this place as a percentage of non-inter-level travel turns spent in the entire game.
 C = Inter-level travel turns spent in this place as a percentage of turns spent in this place.
 D = Turns resting spent in this place as a percentage of non-inter-level travel turns spent in this place.
 E = Turns spent auto-exploring this place as a percentage of non-inter-level travel turns spent in this place.
 F = Non-inter-level travel turns spent in this place divided by the number of levels of this place that you've seen.
                   A       B       C       D       E      F
               +-------+-------+-------+-------+-------+----------------------
         Total | 100.0 | 100.0 |   0.6 |   1.2 |   2.0 | 1567.2
       Dungeon | 100.0 | 100.0 |   0.6 |   1.2 |   2.0 | 1567.2
               +-------+-------+-------+-------+-------+----------------------

Table legend:
 A = Kills in this place as a percentage of kills in entire the game.
 B = Kills by you in this place as a percentage of kills by you in the entire game.
 C = Kills by friends in this place as a percentage of kills by friends in the entire game.
 D = Other kills in this place as a percentage of other kills in the entire game.
 E = Experience gained in this place as a percentage of experience gained in the entire game.
 F = Experience gained in this place divided by the number of levels of this place that you have seen.
                   A       B       C       D       E      F
               +-------+-------+-------+-------+-------+----------------------
         Total | 100.0 | 100.0 |  -nan |  -nan | 100.0 | 119.0
       Dungeon | 100.0 | 100.0 |  -nan |  -nan | 100.0 | 119.0
               +-------+-------+-------+-------+-------+----------------------

Vanquished Creatures
  The ghost of gw the Chucker, a weakling MfHu of Zin (D:3)
  An orc priest (D:3)
  A hound (D:4)
  2 orc wizards (D:3)
  A worker ant (D:4)
  6 adders
  2 worms (D:3)
  3 giant geckos
  An ooze (D:3)
  3 orcs (D:3)
  5 giant cockroaches
  10 hobgoblins
  2 jackals (D:3)
  15 kobolds
  3 quokkas
  10 bats
  6 giant newts
  8 goblins
  10 rats
90 creatures vanquished.

Notes
Turn   | Place    | Note
--------------------------------------------------------------
     0 | D:1      | gw, the Demonspawn Fighter, began the quest for the Orb.
     0 | D:1      | Reached XP level 1. HP: 18/18 MP: 1/1
   210 | D:1      | Gained mutation: You have large cloven feet. [demonic ancestry]
   210 | D:1      | Reached XP level 2. HP: 24/24 MP: 2/2
  1250 | D:2      | Gained mutation: When hurt, damage is shared between your health and your magic reserves. [demonic ancestry]
  1250 | D:2      | Reached XP level 3. HP: 12/29 MP: 3/3
  1782 | D:2      | Reached skill level 1 in Throwing
  1965 | D:2      | Reached XP level 4. HP: 35/35 MP: 4/4
  3625 | D:3      | Reached XP level 5. HP: 32/42 MP: 5/5
  3920 | D:3      | Noticed gw's ghost (weakling MfHu)
  3953 | D:3      | Killed gw's ghost
  3953 | D:3      | Reached skill level 4 in Fighting
  3957 | D:3      | Gained mutation: You regenerate magic rapidly. [demonic ancestry]
  3957 | D:3      | Reached XP level 6. HP: 17/48 MP: 3/6
  3997 | D:3      | Paralysed by a kobold for 4 turns
  4005 | D:3      | Paralysed by a kobold for 2 turns
  4425 | D:4      | HP: 1/48 [orc priest/divine providence (13)]
  4430 | D:4      | Killed from afar by an orc priest

Action                   |  1- 3 |  4- 6 || total
-------------------------+-------+-------++-------
Melee: Flail             |   110 |   163 ||   273
Throw: Stone             |    61 |   113 ||   174
       Tomahawk          |       |    12 ||    12
  Use: Potion            |     5 |     6 ||    11
       Scroll            |     2 |     4 ||     6
  Eat: Chunk             |     4 |     8 ||    12

Vault maps used:
D:1:      evilmike_arrival_home_sweet_home, st_stairs_3
D:3:      serial_glass, glass_columns_a, glass_columns_a
D:4:      old_standard_altar, first_bread
